[Event "January 2 Late 2024"]
[Site "https://www.chess.com"]
[Date "2024.01.02"]
[Round "7"]
[White "Ferreira, Vitor Hugo Vieira"]
[Black "Lewtak, Damian"]
[Result "1-0"]
[Board "55"]
[TimeControl "180+1"]
[WhiteFideId "2119765"]
[BlackFideId "1141724"]
[WhiteElo "2544"]
[BlackElo "2723"]
[WhiteTeam "BRA"]
[BlackTeam "POL"]
[WhiteClock "0:01:34"]
[BlackClock "0:00:21"]

1. c4 e5 2. g3 Nf6 3. Bg2 d5 4. cxd5 Nxd5 5. Nf3 Nc6 6. O-O Be7 7. d4 e4 8. Ne5 f5 9. Nxc6 bxc6 10. f3 exf3 11. Bxf3 O-O 12. Nc3 Be6 13. Qa4 Qd7 14. Bd2 Bf6 15. Rac1 Rad8 16. Nxd5 cxd5 17. Qxd7 Rxd7 18. e3 Rb8 19. b3 Be7 20. Rc6 Bd6 21. Rfc1 g5 22. Ba5 Rb7 23. Be2 Kf7 24. Ba6 Rb8 25. Bxc7 Bxc7 26. Rxc7 Ke7 27. R1c6 h5 28. Rxe6+ Kxe6 29. Bc8 Rxc8 30. Rxc8 g4 31. Kf2 Rh7 32. Rc6+ Ke7 33. Rc7+ 1-0

[Event "January 2 Late 2024"]
[Site "https://www.chess.com"]
[Date "2024.01.02"]
[Round "7"]
[White "Schnaider, Ilan"]
[Black "Gasparyan, David"]
[Result "1-0"]
[Board "56"]
[TimeControl "180+1"]
[WhiteFideId "169013"]
[BlackFideId "13311980"]
[WhiteElo "2723"]
[BlackElo "2536"]
[WhiteTeam "ARG"]
[BlackTeam "USA"]
[WhiteClock "0:00:45"]
[BlackClock "0:00:00"]

1. d4 Nf6 2. Nf3 e6 3. g3 d5 4. Bg2 Be7 5. O-O O-O 6. c4 c6 7. Qc2 Nbd7 8. b3 b6 9. Bb2 Bb7 10. Nc3 Rc8 11. Rad1 Re8 12. e4 dxe4 13. Nxe4 Nxe4 14. Qxe4 Nf6 15. Qc2 Qc7 16. Rfe1 Bb4 17. Re3 Rcd8 18. Red3 c5 19. d5 exd5 20. Bxf6 gxf6 21. cxd5 Ba6 22. d6 Qd7 23. Rd5 Re2 24. Qb1 Bb7 25. Rh5 Be4 26. Qc1 Bg6 27. Rh4 Qe6 28. Bh3 Qe8 29. Rf4 Re4 30. Nh4 Bh5 31. Rf1 Be2 32. Bf5 Rxf4 33. Qxf4 Qf8 34. d7 Bxf1 35. Kxf1 Bc3 36. Qe4 Be5 37. Bxh7+ Kh8 38. Bf5 Qh6 39. Nf3 Bc7 40. Kg2 Kg8 41. Qe7 Qg7 42. Nh4 Rf8 43. Bh3 Bd8 44. Qe4 Qg5 45. Nf5 Kh8 46. Qe8 Kg8 47. f4 Qh5 48. Bg4 Qh7 49. h4 Qg6 50. Kh3 Qh7 51. h5 b5 52. Qe4 c4 53. bxc4 bxc4 54. Qxc4 Bb6 55. Qe4 Kh8 56. a4 Bd8 57. Qc6 Rg8 58. Qe4 Rf8 59. Qd4 Rg8 60. a5 Rf8 61. Qxa7 Rg8 62. Qd4 Rxg4 63. Kxg4 Qg8+ 64. Kh3 Qh7 65. g4 Qg8 66. a6 Qf8 67. a7 Qa3+ 68. Qe3 Qa5 69. Qe8+ 1-0

[Event "January 2 Late 2024"]
[Site "https://www.chess.com"]
[Date "2024.01.02"]
[Round "7"]
[White "Bardyk, Artem"]
[Black "Makaraci, Tunahan"]
[Result "1-0"]
[Board "57"]
[TimeControl "180+1"]
[WhiteFideId "34349979"]
[BlackFideId "6356559"]
[WhiteElo "2717"]
[BlackElo "2529"]
[WhiteTeam "RUS"]
[BlackTeam "TUR"]
[WhiteClock "0:00:23"]
[BlackClock "0:00:17"]

1. e4 c5 2. c3 d5 3. exd5 Qxd5 4. d4 Nc6 5. Nf3 Bf5 6. Be3 cxd4 7. Nxd4 Nf6 8. Qb3 Nxd4 9. Bxd4 Qe4+ 10. Be3 O-O-O 11. Nd2 Qc6 12. Bb5 Qxg2 13. O-O-O a6 14. Qc4+ Kb8 15. Qc5 axb5 16. Bf4+ e5 17. Bxe5+ Bd6 18. Bxd6+ Rxd6 19. Qxd6+ Ka8 20. Rhg1 Qh3 21. Rg3 Qh6 22. c4 b4 23. Qxb4 Ne4 24. Ra3+ Kb8 25. Qa5 Qe6 26. Nxe4 Qxe4 27. Rd8+ Bc8 28. Qa8+ Kc7 29. Qxc8+ 1-0

[Event "January 2 Late 2024"]
[Site "https://www.chess.com"]
[Date "2024.01.02"]
[Round "7"]
[White "Tao, Sihan"]
[Black "Cardoso Cardoso, Jose Gabriel"]
[Result "0-1"]
[Board "58"]
[TimeControl "180+1"]
[WhiteFideId "30982677"]
[BlackFideId "4430492"]
[WhiteElo "2526"]
[BlackElo "2708"]
[WhiteTeam "USA"]
[BlackTeam "COL"]
[WhiteClock "0:01:28"]
[BlackClock "0:01:42"]

1. e4 c5 2. Nf3 Nc6 3. d4 cxd4 4. Nxd4 Qb6 5. Nb3 Nf6 6. Be3 Qc7 7. Nc3 e6 8. Qd2 Bb4 9. f3 d5 10. a3 Bxc3 11. Qxc3 dxe4 12. O-O-O O-O 13. Kb1 Nd5 14. Qd2 Nxe3 15. Qxe3 Qe5 16. Nd4 exf3 17. Qxe5 Nxe5 18. Nxf3 Nxf3 19. gxf3 b6 20. Bg2 Bb7 21. Rd7 Bc6 22. Rc7 Rfc8 23. Rxc8+ Rxc8 24. Rd1 Kf8 25. Kc1 Ke7 26. c3 g5 27. Rd4 Rd8 28. Rxd8 Kxd8 29. h3 h5 30. Kd2 g4 31. hxg4 hxg4 32. Ke3 Bxf3 33. Bxf3 gxf3 34. Kxf3 b5 35. b3 Kd7 36. Ke4 Kd6 37. Kd4 e5+ 38. Ke4 Ke6 39. Ke3 Kd5 40. Kd3 f5 41. Ke3 a5 0-1

[Event "January 2 Late 2024"]
[Site "https://www.chess.com"]
[Date "2024.01.02"]
[Round "7"]
[White "Do Valle Cardoso, Lucas"]
[Black "Delorme, Axel"]
[Result "1-0"]
[Board "59"]
[TimeControl "180+1"]
[WhiteFideId "2163144"]
[BlackFideId "632023"]
[WhiteElo "2701"]
[BlackElo "2500"]
[WhiteTeam "BRA"]
[BlackTeam "FRA"]
[WhiteClock "0:00:45"]
[BlackClock "0:00:05"]

1. e4 c5 2. Nf3 d6 3. d4 cxd4 4. Nxd4 Nf6 5. Nc3 a6 6. Be3 e5 7. Nb3 Be6 8. f3 Be7 9. Qd2 O-O 10. O-O-O Nbd7 11. Kb1 b5 12. Nd5 Nxd5 13. exd5 Bf5 14. Na5 Qc7 15. Nc6 Rfe8 16. g4 Bg6 17. h4 h5 18. Bd3 Bxd3 19. Qxd3 hxg4 20. fxg4 Nb8 21. Nxe7+ Qxe7 22. Bg5 f6 23. Bc1 e4 24. Qg3 Nd7 25. h5 Ne5 26. g5 f5 27. g6 Nf3 28. h6 Rac8 29. hxg7 Qxg7 30. Rh7 Qe5 31. Bf4 Qf6 32. Rdh1 Re7 33. Qh3 Rxh7 34. Qxh7+ Kf8 35. g7+ Qxg7 36. Bh6 1-0

[Event "January 2 Late 2024"]
[Site "https://www.chess.com"]
[Date "2024.01.02"]
[Round "7"]
[White "Ramos Rivera, Jesse James"]
[Black "Syaputra, Arifa Rizki"]
[Result "0-1"]
[Board "60"]
[TimeControl "180+1"]
[WhiteFideId "3103250"]
[BlackFideId "7105100"]
[WhiteElo "2494"]
[BlackElo "2698"]
[WhiteTeam "PUR"]
[BlackTeam "INA"]
[WhiteClock "0:00:10"]
[BlackClock "0:00:18"]

1. e4 c5 2. Nf3 Nc6 3. d4 cxd4 4. Nxd4 g6 5. Nc3 Bg7 6. Nde2 Nf6 7. g3 h5 8. h3 O-O 9. Bg2 d6 10. O-O Bd7 11. Nd5 Rc8 12. c3 Nxd5 13. exd5 Ne5 14. b3 Bf5 15. Be3 Qd7 16. Kh2 h4 17. gxh4 Nd3 18. Qd2 Be5+ 19. f4 Bf6 20. h5 gxh5 21. Ng3 h4 22. Nxf5 Qxf5 23. Rg1 Kh8 24. c4 Bxa1 25. Rxa1 e5 26. Rf1 Rce8 27. Kh1 e4 28. Bd4+ Kh7 29. Qe2 Rg8 30. Rd1 Rg3 0-1

[Event "January 2 Late 2024"]
[Site "https://www.chess.com"]
[Date "2024.01.02"]
[Round "7"]
[White "Sevgi, Volkan"]
[Black "Sztokbant, Bernardo Vainzoff"]
[Result "1-0"]
[Board "61"]
[TimeControl "180+1"]
[WhiteFideId "6325335"]
[BlackFideId "2115956"]
[WhiteElo "2685"]
[BlackElo "2487"]
[WhiteTeam "TUR"]
[BlackTeam "BRA"]
[WhiteClock "0:00:29"]
[BlackClock "0:00:04"]

1. e4 c5 2. Nc3 Nc6 3. f4 d6 4. Nf3 Bg4 5. Bb5 e6 6. O-O Nf6 7. h3 Bxf3 8. Qxf3 Qc7 9. e5 Nd7 10. Bxc6 Qxc6 11. Qxc6 bxc6 12. exd6 Bxd6 13. d3 O-O 14. Be3 Rab8 15. b3 Nf6 16. Na4 Nd7 17. Rad1 Rfd8 18. g4 Kf8 19. Kg2 Ke7 20. f5 Rb4 21. c4 Rdb8 22. fxe6 fxe6 23. Bg5+ Nf6 24. Bh4 h6 25. Rde1 g5 26. Bf2 Nd7 27. Re2 Rxa4 28. bxa4 Rb4 29. Rfe1 e5 30. Bg3 Rxa4 31. Rb2 Ra3 32. Re3 Ke6 33. Kf3 Nb6 34. Rbe2 Nd7 35. h4 Rc3 36. hxg5 hxg5 37. Rh2 Ra3 38. Rh6+ Ke7 39. Rg6 Rxa2 40. Rxg5 Rd2 41. Rg7+ Ke6 42. Rg6+ Ke7 43. Bh4+ Ke8 44. Rxd6 a5 45. Rxc6 a4 46. Re6+ Kf8 47. Ra6 Ra2 48. Kg3 Ke8 49. Bf6 a3 50. Bxe5 Kf7 51. Ra7 Kg6 52. Rxd7 Ra1 53. Bxa1 a2 54. Re6+ Kg5 55. Rd5# 1-0

[Event "January 2 Late 2024"]
[Site "https://www.chess.com"]
[Date "2024.01.02"]
[Round "7"]
[White "Federzoni, Enzo"]
[Black "Annaberdiyev, Meylis"]
[Result "1/2-1/2"]
[Board "62"]
[TimeControl "180+1"]
[WhiteFideId "2173301"]
[BlackFideId "14000563"]
[WhiteElo "2452"]
[BlackElo "2682"]
[WhiteTeam "BRA"]
[BlackTeam "TKM"]
[WhiteClock "0:00:09"]
[BlackClock "0:00:53"]

1. e4 c5 2. Nf3 Nc6 3. d4 cxd4 4. Nxd4 e5 5. Nb5 d6 6. c4 Be6 7. Bd3 g6 8. O-O a6 9. N5c3 Bg7 10. Nd5 Nf6 11. Bg5 h6 12. Bh4 O-O 13. Nbc3 Nd4 14. Ne2 Bxd5 15. Bxf6 Nxe2+ 16. Qxe2 Bxf6 17. exd5 Bg7 18. Rac1 f5 19. f4 e4 20. Bb1 Qb6+ 21. Kh1 Qxb2 22. Rc2 Qa3 23. g4 Rae8 24. gxf5 gxf5 25. Rg1 Qf3+ 26. Qxf3 exf3 27. Rf2 Re3 28. Rgf1 Rc8 29. Bxf5 Rxc4 30. Rxf3 Re2 31. Bd3 Rcc2 32. Bxe2 Rxe2 33. Rg1 Kf7 34. Rb3 b5 35. a4 Bd4 36. Rd1 Be3 37. axb5 axb5 38. f5 Bf4 39. Rxb5 Rxh2+ 40. Kg1 Rh5 41. Rf1 Be5 42. Rb7+ Kf6 43. Rb8 Rg5+ 44. Kh1 Rh5+ 45. Kg2 Rg5+ 46. Kh3 Rh5+ 47. Kg4 Rg5+ 48. Kf3 Rxf5+ 49. Ke2 Rxf1 50. Kxf1 Kf5 51. Ke2 Ke4 52. Rb5 h5 53. Kf2 Bd4+ 54. Kg3 Bc5 55. Kh4 Kxd5 56. Kxh5 Kc4 57. Rb8 d5 58. Rd8 d4 59. Rxd4+ Bxd4 1/2-1/2

[Event "January 2 Late 2024"]
[Site "https://www.chess.com"]
[Date "2024.01.02"]
[Round "7"]
[White "uzkuzk"]
[Black "Hua, Lefong"]
[Result "0-1"]
[Board "63"]
[TimeControl "180+1"]
[BlackFideId "2602253"]
[WhiteElo "2438"]
[BlackElo "2678"]
[BlackTeam "CAN"]
[WhiteClock "0:00:02"]
[BlackClock "0:00:35"]

1. e4 c5 2. Nf3 g6 3. d4 cxd4 4. Nxd4 Bg7 5. c4 Nc6 6. Be3 Nf6 7. Nc3 d6 8. Be2 O-O 9. O-O Bd7 10. f3 Nxd4 11. Bxd4 a5 12. b3 Bc6 13. Nd5 Bxd5 14. exd5 Nd7 15. Re1 Bxd4+ 16. Qxd4 Qb6 17. Qxb6 Nxb6 18. a3 Nd7 19. b4 Ra7 20. Bf1 Re8 21. c5 dxc5 22. Bb5 b6 23. bxc5 bxc5 24. Rac1 Kf8 25. Bxd7 Rxd7 26. Rxc5 Ra8 27. Rb1 a4 28. Rbb5 h5 29. h4 Kg7 30. Kf2 Ra6 31. Kg3 e6 32. dxe6 Rxe6 33. Ra5 Re2 34. Rxa4 Rdd2 35. Rc7 Rxg2+ 36. Kf4 Rd5 37. Raa7 Rf5+ 38. Ke3 Rg3 39. a4 Rgxf3+ 40. Ke2 R3f4 41. a5 Rxh4 42. a6 Ra4 43. Rc6 h4 44. Rb7 Rf6 45. Rbb6 Rxc6 46. Rxc6 g5 47. Kf3 f6 48. Kg2 Kg6 49. Kf3 g4+ 50. Kg2 Kg5 51. Kh2 Ra2+ 52. Kg1 f5 53. Rb6 h3 54. Kh1 g3 55. Rb1 Rxa6 56. Rg1 Kg4 57. Re1 Ra2 58. Rd1 Rf2 59. Re1 f4 60. Rd1 Re2 61. Rc1 Rd2 62. Rb1 Kf3 63. Ra1 Ke2 64. Rb1 Rd1+ 65. Rxd1 Kxd1 66. Kg1 Ke2 67. Kh1 f3 68. Kg1 f2+ 69. Kh1 f1=Q# 0-1

[Event "January 2 Late 2024"]
[Site "https://www.chess.com"]
[Date "2024.01.02"]
[Round "7"]
[White "Fantinel, Thibault"]
[Black "Ghosh, Chanchal Kumer"]
[Result "1-0"]
[Board "64"]
[TimeControl "180+1"]
[WhiteFideId "663395"]
[BlackFideId "10201858"]
[WhiteElo "2673"]
[BlackElo "2151"]
[WhiteTeam "FRA"]
[BlackTeam "BAN"]
[WhiteClock "0:01:26"]
[BlackClock "0:00:06"]

1. e4 c5 2. Nf3 d6 3. d4 cxd4 4. Nxd4 Nf6 5. Nc3 a6 6. g3 e5 7. Nde2 Be7 8. Bg2 O-O 9. O-O Be6 10. h3 Nbd7 11. g4 h6 12. Ng3 Rc8 13. Nf5 Bxf5 14. exf5 Qc7 15. Be3 b5 16. Rc1 Nb6 17. Bxb6 Qxb6 18. Nd5 Nxd5 19. Bxd5 Qc5 20. c3 Rc7 21. Qd3 Bg5 22. Rcd1 a5 23. Kg2 b4 24. c4 a4 25. Rfe1 a3 26. b3 Bh4 27. Re2 Re8 28. Qe4 Ree7 29. Rd3 Qa7 30. Qf3 Qb6 31. Re4 Re8 32. Qe2 Rf8 33. Rf3 Rc5 34. Qd2 Qd8 35. Rd3 Qf6 36. Qxb4 g6 37. Rf3 g5 38. Qxa3 h5 39. Qc1 Kg7 40. b4 Rc7 41. a4 Rh8 42. a5 Qh6 43. a6 hxg4 44. Rxg4 Qf6 45. b5 Rc5 46. a7 e4 47. Rxe4 Rxd5 48. cxd5 Qd8 49. f6+ Kg6 50. Re7 g4 51. Qc2+ Kh6 52. hxg4 Bxf6 53. Rxf6+ Kg7 54. Rfxf7+ 1-0

[Event "January 2 Late 2024"]
[Site "https://www.chess.com"]
[Date "2024.01.02"]
[Round "7"]
[White "Bok, Benjamin"]
[Black "Sroczynski, Maciej"]
[Result "1-0"]
[Board "65"]
[TimeControl "180+1"]
[WhiteFideId "1017063"]
[BlackFideId "1121472"]
[WhiteElo "2927"]
[BlackElo "2436"]
[WhiteTeam "NED"]
[BlackTeam "POL"]
[WhiteClock "0:02:02"]
[BlackClock "0:01:24"]

1. d4 d5 2. c4 c6 3. Nf3 Nf6 4. cxd5 cxd5 5. Nc3 Nc6 6. Bf4 a6 7. Rc1 e6 8. e3 Bd6 9. Bg3 O-O 10. Bd3 Qe7 11. Ne5 Bd7 12. f4 Nb4 13. Bb1 Ne8 14. O-O f5 15. Qb3 Nc6 16. Qxb7 Nxe5 17. fxe5 Bc7 18. Qxa8 1-0

[Event "January 2 Late 2024"]
[Site "https://www.chess.com"]
[Date "2024.01.02"]
[Round "7"]
[White "Mekhitarian, Krikor Sevag"]
[Black "Pinero Rodriguez, Carlos Jose"]
[Result "1-0"]
[Board "66"]
[TimeControl "180+1"]
[WhiteFideId "2107660"]
[BlackFideId "3901726"]
[WhiteElo "2826"]
[BlackElo "2547"]
[WhiteTeam "BRA"]
[BlackTeam "VEN"]
[WhiteClock "0:00:04"]
[BlackClock "0:00:02"]

1. Nf3 Nf6 2. c4 g6 3. Nc3 Bg7 4. e4 d6 5. d4 O-O 6. h3 e5 7. d5 a5 8. g4 Na6 9. Be3 Nd7 10. a3 Ndc5 11. b4 Nd7 12. Rb1 axb4 13. axb4 f5 14. gxf5 gxf5 15. exf5 Nf6 16. Qc2 Nh5 17. Bd3 Nf4 18. Be4 Qf6 19. Kd2 Bh6 20. h4 Bxf5 21. Bxf5 Qxf5 22. Qxf5 Rxf5 23. Ne4 Raf8 24. Nfg5 Kh8 25. b5 Nb8 26. Ra1 Nd7 27. Ra7 Ng2 28. Rxb7 Nxe3 29. Kxe3 Rf3+ 30. Ke2 Rb3 31. Rxc7 Rb2+ 32. Kf1 Nf6 33. Rf7 Rxf7 34. Nxf7+ Kg7 35. Nxf6 Kxf7 36. Ne4 Ke7 37. Rh3 Bf4 38. h5 h6 39. Ra3 Rb1+ 40. Kg2 Rc1 41. Ra7+ Kf8 42. Nxd6 Rc3 43. b6 Rb3 44. b7 e4 45. Nxe4 Bb8 46. Ra8 Rxb7 47. Nc5 Rb1 48. Rxb8+ 1-0

[Event "January 2 Late 2024"]
[Site "https://www.chess.com"]
[Date "2024.01.02"]
[Round "7"]
[White "Klukin, Kirill"]
[Black "Leenhouts, Koen"]
[Result "0-1"]
[Board "67"]
[TimeControl "180+1"]
[WhiteFideId "24199273"]
[BlackFideId "1008439"]
[WhiteElo "2817"]
[BlackElo "2527"]
[WhiteTeam "RUS"]
[BlackTeam "NED"]
[WhiteClock "0:00:07"]
[BlackClock "0:00:09"]

1. d4 e6 2. Nf3 Nf6 3. c4 d5 4. Nc3 a6 5. cxd5 exd5 6. Bg5 c6 7. e3 Bd6 8. Bd3 Be6 9. Qc2 Nbd7 10. O-O Qc7 11. Rac1 h6 12. Bh4 O-O 13. e4 dxe4 14. Nxe4 Nxe4 15. Bxe4 Rac8 16. Rfd1 Bf4 17. Ra1 Nb6 18. Ne5 Bxe5 19. dxe5 Qxe5 20. Bg3 Qa5 21. b4 Qa4 22. Qb2 Rfd8 23. Re1 Nc4 24. Qc3 Qa3 25. Qc2 Rd2 26. Qc1 Qxc1 27. Rexc1 Rcd8 28. h3 Na3 29. Rc3 Nb5 30. Rcc1 Rxa2 31. Rxa2 Bxa2 32. Re1 Nc3 33. Bc2 Be6 34. Be5 Nd5 35. Rb1 f6 36. Bd4 Kf7 37. Bd1 Bf5 38. Rb2 Nf4 39. Bb3+ Be6 40. Be3 Nd3 41. Bxe6+ Kxe6 42. Rb1 Rd5 43. Kf1 Ne5 44. Ke2 Nc4 45. Bc1 Re5+ 46. Kd3 Nb6 47. Be3 Nd5 48. Bd4 Rf5 49. Re1+ Kd7 50. g3 Rf3+ 51. Ke4 Ra3 52. Kf5 Rd3 53. Bc5 b6 54. Bf8 g5 55. Kg6 Rf3 56. Kxh6 Rxf2 57. h4 gxh4 58. gxh4 f5 59. h5 f4 60. Kg5 Rg2+ 61. Kf5 f3 62. h6 f2 63. Rd1 f1=Q+ 64. Rxf1 Ne3+ 65. Kf6 Nxf1 66. h7 Rh2 67. Kg6 Rxh7 68. Kxh7 Ke6 69. Kg6 Kd5 70. Kf5 Ne3+ 71. Kf4 Nc4 72. Kf3 b5 73. Ke2 Nb6 74. Kd3 Nc4 75. Kc3 Ne5 76. Be7 Nd7 77. Bf8 Nb6 78. Kb3 Nc4 79. Be7 Kd4 80. Bf6+ Kd3 81. Bg5 Nd2+ 82. Ka3 Ne4 83. Be7 Kc4 84. Bf8 Nc3 85. Be7 Nd1 86. Ka2 Ne3 87. Ka3 Nc2+ 88. Kb2 Nxb4 89. Bf8 Nd3+ 90. Kc2 a5 91. Kd2 a4 92. Bg7 Nc5 93. Kc2 Nb3 94. Kb2 Nd4 95. Bf8 c5 96. Ka2 b4 97. Bg7 Nb5 98. Ka1 Nc3 99. Bh6 a3 100. Bc1 Ne2 101. Be3 Nd4 102. Kb1 Kb3 0-1

[Event "January 2 Late 2024"]
[Site "https://www.chess.com"]
[Date "2024.01.02"]
[Round "7"]
[White "Durarbayli, Vasif"]
[Black "Rama, Tejas"]
[Result "1-0"]
[Board "68"]
[TimeControl "180+1"]
[WhiteFideId "13402935"]
[BlackFideId "30907381"]
[WhiteElo "2802"]
[BlackElo "2558"]
[WhiteTeam "AZE"]
[BlackTeam "USA"]
[WhiteClock "0:00:14"]
[BlackClock "0:00:00"]

1. e4 e5 2. Nf3 Nc6 3. Bc4 Bc5 4. c3 Nf6 5. d3 O-O 6. O-O d5 7. exd5 Nxd5 8. a4 Bf5 9. b4 Be7 10. Bb5 f6 11. Qb3 Kh8 12. Re1 a5 13. Bc4 Nb6 14. b5 Nxc4 15. dxc4 Nb8 16. Ba3 Nd7 17. Nd4 Bxb1 18. Ne6 Qc8 19. Nxf8 Qxf8 20. Bxe7 Qxe7 21. Qxb1 Qc5 22. Qe4 Rb8 23. Rad1 Qe7 24. Re3 Nc5 25. Qc2 Rd8 26. Rd5 c6 27. Rxd8+ Qxd8 28. Re1 Qg8 29. Rd1 g6 30. Qd2 Qxc4 31. Qd8+ Kg7 32. Qe7+ Kh6 33. Qxf6 Ne4 34. Qf8+ Kg5 35. h4+ Kh5 36. Rd7 1-0

[Event "January 2 Late 2024"]
[Site "https://www.chess.com"]
[Date "2024.01.02"]
[Round "7"]
[White "Manolache, Marius"]
[Black "Berezin, Viktor"]
[Result "1-0"]
[Board "69"]
[TimeControl "180+1"]
[WhiteFideId "1201530"]
[BlackFideId "14107872"]
[WhiteElo "2678"]
[BlackElo "2512"]
[WhiteTeam "ROU"]
[BlackTeam "UKR"]
[WhiteClock "0:00:27"]
[BlackClock "0:00:08"]

1. d4 Nf6 2. c4 g6 3. Nc3 Bg7 4. e4 O-O 5. f3 d6 6. Be3 b6 7. Nge2 c5 8. d5 e6 9. a4 exd5 10. cxd5 a6 11. Qd2 Re8 12. Ng3 h5 13. Bg5 Nbd7 14. Be2 Rb8 15. O-O Ne5 16. h3 Qc7 17. Rac1 Nh7 18. Be3 h4 19. Nh1 f5 20. Nf2 Bd7 21. b4 Rf8 22. f4 Nf7 23. b5 a5 24. exf5 gxf5 25. Bf3 Rbe8 26. Rfe1 Qd8 27. Kh1 Qf6 28. Nfd1 Qg6 29. Bf2 Nf6 30. Bxh4 Rxe1+ 31. Bxe1 Ne4 32. Bxe4 fxe4 33. Ne3 Nh6 34. Ne2 Nf5 35. Nxf5 Qxf5 36. Qe3 Rf6 37. Bc3 Rg6 38. Bxg7 Rxg7 39. Nc3 Qg6 40. Qxe4 Bf5 41. Qf3 Re7 42. Kh2 Qe8 43. Qg3+ Rg7 44. Qf2 Re7 45. Qh4 Rg7 46. Re1 Qg6 47. Qf2 Qf6 48. Ne4 Qf8 49. Ng5 Qf6 50. Re8+ 1-0

[Event "January 2 Late 2024"]
[Site "https://www.chess.com"]
[Date "2024.01.02"]
[Round "7"]
[White "TheCavemanChess"]
[Black "Shuvalov, Evgenij"]
[Result "1-0"]
[Board "70"]
[TimeControl "180+1"]
[BlackFideId "4187237"]
[WhiteElo "2675"]
[BlackElo "2510"]
[BlackTeam "FID"]
[WhiteClock "0:00:20"]
[BlackClock "0:00:03"]

1. Nf3 Nf6 2. Nc3 d5 3. d4 g6 4. h4 h5 5. Bg5 Bg7 6. e3 c5 7. dxc5 Qa5 8. Nd2 Qxc5 9. Nb3 Qd6 10. Qd2 Bg4 11. f3 Qg3+ 12. Ke2 Ne4 13. Nxe4 dxe4 14. fxg4 Nc6 15. Rh3 Qxg4+ 16. Kf2 Bxb2 17. Rb1 Be5 18. Kg1 Rd8 19. Qf2 O-O 20. Be2 Qe6 21. Nc5 Qxa2 22. Rxb7 Qxc2 23. Nd7 Bd6 24. Nxf8 Rxf8 25. g3 Ne5 26. Bxe7 Bxe7 27. Rxe7 Nd3 28. Bxd3 Qd1+ 29. Bf1 a5 30. Rh2 a4 31. Qa2 Qg4 32. Rf2 Qxg3+ 33. Bg2 Qxe3 34. Rxf7 Rxf7 35. Qxf7+ Kh8 36. Kh2 Qd4 37. Qf8+ Kh7 38. Rf7+ 1-0

[Event "January 2 Late 2024"]
[Site "https://www.chess.com"]
[Date "2024.01.02"]
[Round "7"]
[White "Hamitevici, Vladimir"]
[Black "Garcia Almaguer, Juan Manuel"]
[Result "1-0"]
[Board "71"]
[TimeControl "180+1"]
[WhiteFideId "13902393"]
[BlackFideId "5110491"]
[WhiteElo "2654"]
[BlackElo "2496"]
[WhiteTeam "MDA"]
[BlackTeam "MEX"]
[WhiteClock "0:00:22"]
[BlackClock "0:01:01"]

1. d4 d5 2. c4 e6 3. Nf3 Ne7 4. Nc3 Nbc6 5. a3 a5 6. Bf4 Ng6 7. Bg3 dxc4 8. e4 Bd6 9. Bxc4 O-O 10. e5 Be7 11. h4 Re8 12. Ne4 h5 13. Rc1 f5 14. Neg5 Bxg5 15. Nxg5 Qxd4 16. Qxh5 Ncxe5 17. O-O Qg4 18. Qh7+ Kf8 19. Bxe5 Nxe5 20. Qh8+ Ke7 21. Qxg7+ Kd6 22. Rfd1+ 1-0

[Event "January 2 Late 2024"]
[Site "https://www.chess.com"]
[Date "2024.01.02"]
[Round "7"]
[White "Sukandar, Irine Kharisma"]
[Black "Olsen, Filip Boe"]
[Result "1-0"]
[Board "72"]
[TimeControl "180+1"]
[WhiteFideId "7101937"]
[BlackFideId "1440640"]
[WhiteElo "2474"]
[BlackElo "2646"]
[WhiteTeam "INA"]
[BlackTeam "DEN"]
[WhiteClock "0:00:12"]
[BlackClock "0:00:10"]

1. d4 d5 2. Bf4 Nf6 3. e3 c5 4. Nf3 Nc6 5. Nc3 a6 6. dxc5 e6 7. Bd6 Bxd6 8. cxd6 Qxd6 9. e4 d4 10. e5 Qb4 11. exf6 dxc3 12. b3 gxf6 13. Bd3 O-O 14. O-O f5 15. Re1 b5 16. Ng5 Qh4 17. f4 h6 18. g3 Qg4 19. Be2 Qxe2 20. Qxe2 hxg5 21. fxg5 Bb7 22. Qh5 Nd4 23. g6 Nf3+ 24. Kf2 Kg7 25. Qh7+ Kf6 26. g7 Rg8 27. Qh6+ Ke7 28. Re3 Nd2 29. Qh4+ f6 30. Rd1 Rad8 31. Qb4+ Kf7 32. Qxc3 Ne4+ 33. Rxe4 Rxd1 34. Qc7+ Kg6 35. Rxe6 Rxg7 36. Qc3 Rf7 37. h4 Be4 38. Qe3 Kg7 39. Rxe4 fxe4 40. Qxe4 Rfd7 41. Qg4+ Kf7 42. h5 R1d2+ 43. Kg1 R7d5 44. h6 Re5 45. Kf1 Rh2 46. Kg1 Rxh6 47. Qd4 Rg6 48. Qd7+ Kg8 49. Qd8+ Kg7 50. Qd7+ Kh6 51. Qh3+ Rh5 52. Qg2 Rhg5 53. Kf2 Rf5+ 54. Kg1 Re5 55. Qh3+ Kg7 56. Qd7+ Kf8 57. Qd8+ Kf7 58. Qd7+ Re7 59. Qd5+ Kg7 60. Qd3 Rg5 61. Kg2 Rge5 62. Kh3 Re3 63. Qd4 Re2 64. Qg4+ Kf7 65. Qh5+ Kf8 66. Qh8+ Kf7 67. Qh5+ Kg7 68. Qg4+ Kf8 69. Qc8+ Kf7 70. Qc3 R2e5 71. Qf3 Ke6 72. Qg4+ Kd6 73. Qd4+ Rd5 74. Qb6+ Ke5 75. Qxa6 Rh7+ 76. Kg4 Rd4+ 77. Kf3 Rd5 78. Qc6 Rhd7 79. Qc3+ Ke6 80. Qe3+ Re5 81. Qf4 Re7 82. Qg4+ Kf7 83. Qf4 Kg6 84. Qg4+ Rg5 85. Qd4 Rf5+ 86. Kg2 Re2+ 87. Kh3 Rxc2 88. Qg4+ Kf7 89. Qxf5 Rxa2 90. Qd7+ Kg6 91. Qxb5 Rd2 92. Qc4 Rd6 93. Qg4+ Kf7 94. Qf4 Rd5 95. Qe4 Rh5+ 96. Kg4 Rg5+ 97. Kf3 Rb5 98. Qc4+ Kg6 99. Qxb5 f5 100. Kf4 Kf6 101. Qxf5+ Ke7 102. g4 Kd6 103. g5 Kc7 104. g6 Kc6 105. g7 Kb6 106. g8=Q Kc7 107. Qgd5 Kb6 108. Qfe6+ Kc7 109. Qdd7+ Kb8 110. Qee8# 1-0

[Event "January 2 Late 2024"]
[Site "https://www.chess.com"]
[Date "2024.01.02"]
[Round "7"]
[White "Rojas Alarcon, Julian Antonio"]
[Black "Suvorov, Alexander"]
[Result "1-0"]
[Board "73"]
[TimeControl "180+1"]
[WhiteFideId "5107407"]
[BlackFideId "12977063"]
[WhiteElo "2640"]
[BlackElo "2491"]
[WhiteTeam "MEX"]
[BlackTeam "GER"]
[WhiteClock "0:01:13"]
[BlackClock "0:00:05"]

1. e4 d6 2. d4 Nf6 3. Nc3 Nbd7 4. Nf3 e5 5. Bc4 Be7 6. g4 O-O 7. g5 Nh5 8. h4 g6 9. Be3 c6 10. a4 Qc7 11. Qd2 a6 12. Bb3 Rb8 13. a5 exd4 14. Nxd4 Nc5 15. Ba2 b5 16. axb6 Rxb6 17. Rb1 Qb8 18. Qc1 Bd7 19. f3 Rb4 20. Kf2 Kg7 21. Nde2 f6 22. Qd2 Ne6 23. gxf6+ Bxf6 24. Bh6+ Kh8 25. Bxf8 Qxf8 26. Nd5 cxd5 27. Qxb4 Qe7 28. exd5 Neg7 29. Rbe1 Qd8 30. Nf4 Be5 31. Nxh5 Nxh5 32. Reg1 Qf6 33. c3 Bf5 34. Bb1 Kg7 35. Bxf5 Qxf5 36. Qe4 Qf6 37. Rg4 Qf5 38. Qxf5 1-0

[Event "January 2 Late 2024"]
[Site "https://www.chess.com"]
[Date "2024.01.02"]
[Round "7"]
[White "Espinoza Villanueva, Rodrigo"]
[Black "Mizzi, Jack"]
[Result "1-0"]
[Board "74"]
[TimeControl "180+1"]
[WhiteFideId "5140188"]
[BlackFideId "5602521"]
[WhiteElo "2637"]
[BlackElo "2456"]
[WhiteTeam "MEX"]
[BlackTeam "MLT"]
[WhiteClock "0:00:39"]
[BlackClock "0:00:00"]

1. Nf3 Nf6 2. g3 e6 3. Bg2 d5 4. O-O Be7 5. d3 O-O 6. Nbd2 b6 7. e4 dxe4 8. dxe4 Bb7 9. Re1 Nbd7 10. e5 Ne8 11. c3 Nc5 12. Qe2 Nd3 13. Rd1 Ba6 14. Nd4 Bc5 15. N2b3 Bxd4 16. Nxd4 c5 17. Nc6 Nxc1 18. Raxc1 Bxe2 19. Rxd8 Rxd8 20. Nxd8 Nc7 21. Nc6 Bc4 22. a4 Bd5 23. Ne7+ Kh8 24. Nxd5 exd5 25. f4 Re8 26. Kf2 Kg8 27. Rd1 Rd8 28. Ke3 Kf8 29. b4 Ke7 30. bxc5 bxc5 31. Rb1 d4+ 32. Kd3 dxc3+ 33. Kxc3 Rd7 34. Bc6 Rd4 35. Rb7 Kd8 36. a5 a6 37. Rb6 Rd1 38. Bb7 Ra1 39. Bxa6 Nd5+ 40. Kb2 Rxa5 41. Rd6+ Kc7 42. Rxd5 Rxa6 43. Rxc5+ Kd7 44. Kc3 Ra2 45. Rd5+ Ke6 46. Rd2 Ra3+ 47. Kd4 Kf5 48. Kd5 Ra8 49. Kc6 Ra7 50. Rd7 Ra6+ 51. Kb5 Ra2 52. Rxf7+ 1-0